 Dungeon Crawl Stone Soup version 0.27-a0-1147-gb3d8e82157 (webtiles) character file.

Game seed: 8066947961353059887

1430 Ijustatesigmund the Chopper (level 8, 0/57 HPs)
             Began as an Octopode Fighter on May 12, 2021.
             Was an Initiate of Cheibriados.
             Succumbed to Crazy Yiuf's poison
             ... on level 6 of the Dungeon.
             The game lasted 00:11:38 (6718 turns).

Ijustatesigmund the Chopper (Octopode Fighter)      Turns: 6718, Time: 00:11:38

Health: 0/57       AC:  1    Str: 17    XL:     8   Next: 73%
Magic:  10/10      EV: 12    Int: 12    God:    Cheibriados [......]
Gold:   994        SH: 10    Dex: 13    Spells: 7/7 levels left

rFire    . . .     SeeInvis .   a - +1 war axe (venom)
rCold    . . .     Faith    .   b - +1 kite shield
rNeg     . . .     Spirit   .   (helmet restricted)
rPois    .         Reflect  .   (no amulet)
rElec    .         Harm     .   (no ring)
rCorr    .         Rampage  .   (no ring)
Will     .....                  (no ring)
Stlth    ++........             (no ring)
HPRegen  0.19/turn              (no ring)
MPRegen  0.12/turn              (no ring)
                                (no ring)
                                (no ring)

@: lethally poisoned (0 -> -4), very slow
A: almost no armour, amphibious, 8 rings, camouflage 1, gelatinous body 1,
(nimble swimmer 1), tentacles
a: Renounce Religion, Bend Time


You were on level 6 of the Dungeon.
You worshipped Cheibriados.
Cheibriados was noncommittal.
You visited 2 branches of the dungeon, and saw 7 of its levels.

You collected 1146 gold pieces.
You spent 152 gold pieces at shops.

Inventory:

Hand Weapons
 a - a +1 war axe of venom (weapon)
Missiles
 c - 4 curare-tipped darts (quivered)
 f - 6 silver boomerangs
Armour
 b - a +1 kite shield (worn)
Jewellery
 d - a ring of flight
Wands
 i - a wand of flame (15)
Scrolls
 e - a scroll of magic mapping
 g - 2 scrolls of immolation
 j - a scroll of identify
Potions
 h - 2 potions of might


   Skills:
 + Level 6.2 Fighting
 + Level 6.3 Axes
 - Level 5.0 Dodging
 - Level 5.0 Shields
 + Level 3.1 Invocations


You had 7 spell levels left.
You didn't know any spells.
Your spell library was empty.

Dungeon Overview and Level Annotations

Branches:
Dungeon (6/15)             Temple (1/1) D:5

Altars:
Ashenzari
Cheibriados
Dithmenos
Elyvilon
Fedhas
Gozag
Hepliaklqana
Kikubaaqudgha
Makhleb
Nemelex Xobeh
Okawaru
Qazlal
Ru
Sif Muna
Trog
Wu Jian
Xom
Yredelemnul
Zin
The Shining One

Shops:
D:2 *   D:4 (


Innate Abilities, Weirdness & Mutations

You cannot wear most types of armour.
You are amphibious.
You can wear up to eight rings at the same time.
Your skin changes colour to match your surroundings (Stealth+).
Your rubbery body absorbs attacks. (AC +1, EV +1)
((You are camouflaged near water. (Stealth+)))
You have tentacles for arms and can constrict up to eight enemies at once.


Message History

Found a mace.
Found a runed translucent door.
Crazy Yiuf yells, "Sif Muna mumblescurry meccalolo!"
You open the door. You closely miss Crazy Yiuf. Your grab misses Crazy Yiuf.
Your squeeze misses Crazy Yiuf.
Crazy Yiuf hits you with a +4 quarterstaff of chaos!
Crazy Yiuf flaps his cloak.
You block Crazy Yiuf's attack.
You completely miss Crazy Yiuf. You grab Crazy Yiuf. You constrict Crazy Yiuf.
Crazy Yiuf hits you with a +4 quarterstaff of chaos!
Crazy Yiuf freezes you.
You hit Crazy Yiuf.
Crazy Yiuf is poisoned.
Crazy Yiuf is heavily wounded.
You constrict Crazy Yiuf.
Crazy Yiuf yells, "Announcement bush head!"
Crazy Yiuf hits you with a +4 quarterstaff of chaos!
Crazy Yiuf burns you.
Crazy Yiuf hits you with a +4 quarterstaff of chaos!
* * * LOW HITPOINT WARNING * * *
You are lethally poisoned!
Okay, then.
You slash Crazy Yiuf!
You kill Crazy Yiuf!
Cheibriados appreciates the change of pace.
* * * LOW HITPOINT WARNING * * *
You feel very sick.
Okay, then.
Okay, then.
* * * LOW HITPOINT WARNING * * *
You feel very sick.
There is an open translucent door, spattered with blood here.
Things that are here:
a +4 quarterstaff of chaos; a +1 cloak of poison resistance; a puce potion
* * * LOW HITPOINT WARNING * * *
You feel very sick.
* * * LOW HITPOINT WARNING * * *
You feel sick.
* * * LOW HITPOINT WARNING * * *
You feel sick.
You die...

#....# #.#
♣....♣ #.#
♣♣♣..♣
#######.#
♣.♣♣
#(......#
##### ♣♣.♣
####.#..####
###...# ♣.♣♣
#[.........
......# ♣♣.♣
##.#.#..####
###...# ♣.♣♣
#..#<#(..##
##.## ##@##
#.........#
#.# #...#
####.#...##
####.#####
#...#
#....##.##
#........###
#)..#
#######.#
#.#........#
##### #.#
#.#..###.###
##'##
#.#..###.####
### ##...##
#.#>.....##.#
#.# ##.....##
#.#..##..##.#
##.##
##.......#


There were no monsters in sight!

Vanquished Creatures
  Sigmund (D:6)
  A water moccasin (D:5)
  A black bear (D:6)
  3 ogres
  A necrophage (D:6)
  A centaur (D:5)
  Blork the orc (D:4)
  A scorpion (D:4)
  A howler monkey (D:6)
  2 bullfrog zombies (D:6)
  2 hounds
  2 orc priests (D:4)
  Crazy Yiuf (D:6)
  An iguana (D:5)
  An orc wizard (D:4)
  A hound skeleton (D:5)
  6 gnolls
  5 adders
  A white imp (D:5)
  An ufetubus (D:5)
  2 worms (D:2)
  4 dart slugs
  7 orcs
  9 endoplasms
  6 giant cockroaches
  13 goblins
  18 hobgoblins
  4 jackals (D:1)
  4 quokkas
  10 ball pythons
  7 bats
  3 frilled lizards (D:1)
  5 kobolds
  5 rats
131 creatures vanquished.

Notes
Turn   | Place    | Note
-------+----------+-------------------------------------------
     0 | D:1      | Ijustatesigmund the Octopode Fighter began the quest for
                  | the Orb.
     0 | D:1      | Reached XP level 1. HP: 16/16 MP: 1/1
    41 | D:1      | Reached XP level 2. HP: 21/21 MP: 2/2
   172 | D:1      | Reached XP level 3. HP: 16/26 MP: 3/3
   660 | D:1      | Found a faded altar of an unknown god.
   933 | D:2      | Reached XP level 4. HP: 29/32 MP: 4/4
  1126 | D:2      | Found Acapleas's General Store.
  1164 | D:2      | Bought a scroll of identify for 28 gold pieces
  1183 | D:2      | Bought a scroll of fear for 49 gold pieces
  2055 | D:3      | Reached XP level 5. HP: 37/37 MP: 5/5
  2070 | D:3      | Identified a scroll of acquirement
  2070 | D:3      | Acquired 968 gold pieces
  2089 | D:3      | Found an iron altar of Okawaru.
  2190 | D:2      | Bought a potion of curing for 42 gold pieces
  2962 | D:3      | You fall into a shaft and drop 3 floors!
  3215 | D:5      | Entered Level 5 of the Dungeon
  3221 | D:5      | Reached XP level 6. HP: 42/43 MP: 6/6
  3256 | D:5      | Noticed a water moccasin
  3281 | D:5      | Killed a water moccasin
  3572 | D:5      | Identified the +1 plate armour of Kiqoy {Dex+3}
  3655 | D:4      | Noticed Blork the orc
  3666 | D:4      | Killed Blork the orc
  3667 | D:4      | Reached XP level 7. HP: 32/49 MP: 7/7
  3942 | D:4      | Found Lygomemp's Weapon Emporium.
  3950 | D:4      | Bought 5 curare-tipped darts for 33 gold pieces
  4074 | D:3      | Found an ornate altar of the Wu Jian Council.
  4259 | D:3      | Found a stormy altar of Qazlal.
  4472 | D:4      | Reached skill level 5 in Fighting
  4472 | D:4      | Reached skill level 5 in Axes
  5203 | D:5      | Reached XP level 8. HP: 17/55 MP: 8/8
  5206 | D:5      | Reached skill level 5 in Dodging
  5206 | D:5      | Reached skill level 5 in Shields
  5463 | D:5      | Found a staircase to the Ecumenical Temple.
  5471 | Temple   | Entered the Ecumenical Temple
  5704 | Temple   | Became a worshipper of Cheibriados the Contemplative
  6007 | D:5      | Found a sparkling altar of Nemelex Xobeh.
  6023 | D:5      | Reached skill level 1 in Invocations
  6538 | D:6      | Noticed Sigmund
  6541 | D:6      | Killed Sigmund
  6705 | D:6      | Found a runed translucent door.
  6706 | D:6      | Noticed Crazy Yiuf
  6713 | D:6      | Killed Crazy Yiuf
  6716 | D:6      | HP: 2/57 [poisoned by Crazy Yiuf]
  6718 | D:6      | Succumbed to Crazy Yiuf's poison

Illustrated notes

Levels and vault maps discovered:
D:1:      minmay_arrival_cross, layout_rooms, chequers_ecumenical_altar_twisty,
          minmay_misc_feat_rugged
D:2:      layout_basic, serial_shops, shop, minmay_pentomino_s4
D:3:      layout_rooms, nicolae_overflow_crystal_walls, marbit_many_paths,
          okawaru_altar_gauntlet_db, st_stairs_6
D:4:      kennysheep_big_flooded_room, layout_cave_pools, serial_shops,
          kennysheep_little_box, kennysheep_big_empty_room, uniq_blork_the_orc
D:5:      layout_cave_pools, nemelex_dance_club_becter, temple_green,
          glass_columns_a, kennysheep_another_room,
          chequers_serial_rivers_micro_b
D:6:      layout_loops_corners, uniq_crazy_yiuf_cottage, uniq_sigmund,
          uniq_duvessa
Temple:   regret_index_temple_sphere_string

Skill      XL: |  1  2  3  4  5  6  7  8 |
---------------+-------------------------+-----
Axes           | 3 4 5 6 |  6.3
Fighting       | 4 5 6 |  6.2
Dodging        | 4 5 |  5.0
Shields        | 4 5 |  5.0
Invocations    | 3 |  3.1

Action                   |  1- 3 |  4- 6 |  7- 9 || total
-------------------------+-------+-------+-------++-------
Melee: War axe           |    59 |   102 |    65 ||   226
       Constrict         |    18 |    27 |    19 ||    64
       Tentacles         |    11 |    19 |    14 ||    44
Throw: Dart              |       |       |     6 ||     6
Evoke: Wand              |       |       |     1 ||     1
  Use: Scroll            |       |     6 |     8 ||    14
       Potion            |       |     2 |     1 ||     3
 Stab: Sleeping          |     6 |     6 |     3 ||    15
Armor: Skin              |     1 |    10 |       ||    11
Dodge: Dodged            |    35 |    40 |    32 ||   107
Block: Kite shield       |    30 |    57 |    38 ||   125

Table legend: (Time is in decaauts)
 A = Elapsed time spent in this place.
 B = Non-inter-level travel time spent in this place.
 C = Inter-level travel time spent in this place.
 D = Time resting spent in this place.
 E = Time spent auto-exploring this place.
 F = Levels seen in this place.
 G = Mean time per level.
                   A        B        C        D        E       F      G
               +--------+--------+--------+--------+--------+-----+--------+
         Total |   7022 |   6655 |    367 |   1822 |   3836 |   7 | 1003.1 |
       Dungeon |   6757 |   6474 |    283 |   1822 |   3656 |   6 | 1126.2 |
        Temple |    265 |    182 |     83 |      0 |    180 |   1 |  265.0 |
               +--------+--------+--------+--------+--------+-----+--------+

Top non-repeatable levels by time:
     D:2: 1455 daAuts
     D:4: 1247 daAuts
     D:5: 1155 daAuts
     D:3: 1016 daAuts
     D:6: 998 daAuts
     D:1: 884 daAuts
  Temple: 265 daAuts
